 Dungeon Crawl Stone Soup version 0.19.5 (webtiles) character file.

103286 theElss the Devastator (level 15, 0/74 HPs)
             Began as a Deep Elf Conjurer on Apr 18, 2017.
             Was a High Priest of Vehumet.
             Slain by a white ugly thing (32 damage)
             ... on level 1 of the Depths.
             The game lasted 02:44:54 (33226 turns).

theElss the Devastator (Deep Elf Conjurer)         Turns: 33226, Time: 02:44:55

Health: 0/74       AC: 11    Str:  6    XL:     15   Next: 88%
Magic:  47/47      EV: 18    Int: 26    God:    Vehumet [*****.]
Gold:   837        SH:  6    Dex: 17    Spells: 10 memorised, 16 levels left

rFire  . . .     SeeInvis .     l - +0 dagger (elec)
rCold  . . .     Gourm    +     V - +3 leather armour "Hero's Friend" {MR- Dex+2 Slay+3}
rNeg   + . .     Faith    .     T - +0 buckler
rPois  .         Spirit   .     A - +2 hat {MR+}
rElec  +         Reflect  .     y - +0 cloak
rCorr  .         Harm     .     O - +0 pair of gloves
MR     +....                    W - +0 pair of boots
Stlth  +++.......               K - amulet of Jir Kudi {Gourm rElec rN+ Stlth+}
                                G - +4 ring of evasion
                                h - ring of magical power

@: repel missiles
A: no striking features
a: Renounce Religion


You were on level 1 of the Depths.
You worshipped Vehumet.
Vehumet was extremely pleased with you.
You were full.

You visited 5 branches of the dungeon, and saw 25 of its levels.
You also visited: Labyrinth and Ice Cave.

You collected 2049 gold pieces.
You spent 1212 gold pieces at shops.

Inventory:

Hand Weapons
 l - a +0 dagger of electrocution (weapon)
Armour
 y - a +0 cloak (worn)
 A - a +2 hat of magic resistance (worn)
 O - a +0 pair of gloves (worn)
 T - a +0 buckler (worn)
 V - the +3 leather armour "Hero's Friend" (worn) {MR- Dex+2 Slay+3}
   (You found it on level 10 of the Dungeon)

   It affects your dexterity (+2).
   It affects your accuracy and damage with ranged weapons and melee attacks
   (+3).
   It affects your resistance to hostile enchantments.
 W - a +0 pair of boots (worn)
Jewellery
 a - an uncursed ring of resist corrosion
 h - a ring of magical power (left hand)
 F - an uncursed ring of protection from cold
 G - a +4 ring of evasion (right hand)
 J - an uncursed ring of protection from magic
 K - the amulet of Jir Kudi (around neck) {Gourm rElec rN+ Stlth+}
   (You bought it in a shop on level 2 of the Orcish Mines)

   [amulet of the gourmand]

   It allows you to eat raw meat even when not hungry.
   It insulates you from electricity.
   It protects you from negative energy.
   It makes you more stealthy.
Wands
 e - a wand of polymorph (8/24)
 f - a wand of slowing (19/48)
 i - a wand of teleportation (7/9)
 p - a wand of digging (14/24)
Scrolls
 g - a scroll of amnesia {unknown}
 j - 5 scrolls of fog
 k - 7 scrolls of remove curse
 n - a scroll of blinking
 r - 4 scrolls of fear
 v - 8 scrolls of teleportation
Potions
 b - 7 potions of curing
 d - 3 potions of resistance
 m - 2 potions of magic
 s - 4 potions of haste
 u - 5 potions of heal wounds
 U - a potion of mutation {unknown}
Miscellaneous
 M - a phantom mirror
Comestibles
 c - 10 bread rations
 N - 12 royal jellies
 P - a slice of pizza
 R - 5 meat rations
 S - 23 fruits


   Skills:
 + Level 1.3 Fighting
 - Level 1.0 Short Blades
 - Level 5.2 Dodging
 - Level 2.4 Stealth
 + Level 6.2 Shields
 + Level 17.4 Spellcasting
 + Level 20.8 Conjurations
 - Level 3.2 Charms
 + Level 12.6 Fire Magic
 * Level 2.0 Evocations


You had 16 spell levels left.
You knew the following spells:

 Your Spells              Type           Power        Failure   Level  Hunger
a - Magic Dart            Conj           ####         0%          1    None
b - Iskenderun's Battles  Conj/Chrm      ######..     1%          5    None
c - Searing Ray           Conj           ######       0%          2    None
d - Iskenderun's Mystic   Conj           #######.     0%          4    None
e - Flame Tongue          Conj/Fire      #####        0%          1    None
f - Mephitic Cloud        Conj/Pois/Air  ######..     1%          3    None
g - Repel Missiles        Chrm/Air       ####..       3%          2    None
h - Bolt of Fire          Conj/Fire      #######...   1%          6    ###....
i - Iron Shot             Conj/Erth      ######....   2%          6    ###....
j - Blink                 Tloc           N/A          8%          2    None


Dungeon Overview and Level Annotations

Branches:
Dungeon (15/15)            Temple (1/1) D:4            Lair (6/6) D:9
  Swamp (0/4) Lair:2        Snake (0/4) Lair:4        Slime (0/5) Lair:5
    Orc (2/2) D:9             Elf (0/3) Orc:2        Vaults (0/5) D:13
 Depths (1/5) D:15

Altars:
Ashenzari
Cheibriados
Dithmenos
Elyvilon
Fedhas
Gozag
Hepliaklqana
Kikubaaqudgha
Makhleb
Nemelex Xobeh
Okawaru
Qazlal
Ru
Sif Muna
Trog
Uskayaw
Vehumet
Xom
Yredelemnul
Zin
The Shining One
Beogh
Jiyva

Shops:
D:7 !   Orc:1 *   Orc:2 *[:(=


Message History

You climb upwards.
Welcome back to the Dungeon!
Your battlesphere wavers and loses cohesion.
There is a staircase to the Depths here.
You start resting.
Magic restored.
You start resting.
HP restored.
You climb downwards.
Welcome back to the Depths!
An ugly thing and an air elemental come into view.
The yaktaur shoots a bolt.
The bolt hits you!! The bolt freezes you!
The white ugly thing moves out of view.
The white ugly thing trunk-slaps you but does no damage.
The water elemental completely misses you.
The yaktaur shoots a bolt.
You block the bolt.
There is a staircase back to the Dungeon, spattered with blood here.
Things that are here:
9 bolts; 4 large rocks The air elemental hits you.
You block the air elemental's attack. The white ugly thing trunk-slaps you!
The white ugly thing freezes you!!
You die...

.##... ......
#c..... ...c...
# #####.....#
#$.#....(....##
#......E..(..#
#....u@...(...
≈....(c.E......
≈≈.(((.........
≈≈.............
§≈≈..(.......C.
≈≈.........#...
§§...###...##..
..... ##E. ..


You could see a stone giant, a white ugly thing, 3 yaktaurs, a water elemental
and 2 air elementals.

Vanquished Creatures
  Rupert (D:13)
  Gastronok (Lair:2)
  An orc warlord (Orc:2)
  A stone giant (Depths:1)
  Nessos (D:13)
  A minotaur (Lab)
  The ghost of Fingolfin the Thaumaturge, a journeyman NaWz of Sif Muna (D:13)
  A merfolk avatar (Lair:6)
  8 hydras
  A centaur warrior (D:13)
  3 ogre magi (D:15)
  2 death yaks
  A tengu warrior (D:13)
  An orc high priest (Orc:2)
  Urug (D:13)
  6 skeletal warriors (D:13)
  A wizard (D:15)
  A sea snake (Lair:6)
  An unseen horror (D:14)
  The ghost of PeterLawrence the Basher, a novice MiFi of Okawaru (D:6)
  Pikel (D:7)
  4 hill giants
  2 necromancers
  5 orc knights
  A deep elf mage (D:15)
  5 ugly things
  6 orc sorcerers
  2 cyclopes
  2 manticores (D:14)
  A salamander (shapeshifter) (D:14)
  3 torpor snails
  11 elephants
  A naga mage (D:15)
  Maurice (D:11)
  7 black mambas
  A gargoyle (D:14)
  10 spiny frogs
  Psyche (D:11)
  3 rime drakes
  2 kobold demonologists (D:15)
  14 komodo dragons
  An efreet (D:14)
  2 yaktaurs (D:15)
  2 tengu conjurers (D:15)
  9 trolls
  9 polar bears
  A wind drake (Lair:6)
  4 meliai
  2 wolf spider simulacra (D:15)
  9 two-headed ogres
  7 hornets
  8 blink frogs
  5 hippogriffs
  2 centaur simulacra (D:15)
  Sigmund (D:5)
  2 shadows (Lab)
  65 yaks
  3 redbacks (Lab)
  7 wyverns
  16 humans
  10 basilisks
  2 hungry ghosts
  14 vampire mosquitoes
  2 mottled dragons
  An insubstantial wisp (Lair:6)
  A warg (Orc:1)
  A soldier ant (D:13)
  27 water moccasins
  10 porcupines
  A swamp drake (Lair:6)
  31 orc warriors
  4 sky beasts
  2 slaves (D:7)
  A black bear (D:8)
  A hornet zombie (D:12)
  4 ice beasts
  18 ogres
  2 necrophages
  2 phantoms
  7 centaurs
  12 wolves
  5 big kobolds
  22 crocodiles
  A gnoll sergeant (D:7)
  21 bullfrogs
  A wyvern skeleton (D:13)
  A wyvern zombie (D:12)
  4 scorpions
  11 wights
  4 howler monkeys
  2 spriggan skeletons (Lab)
  9 killer bees (D:8)
  An electric eel (Lair:2)
  3 crimson imps
  4 bullfrog zombies (D:13)
  5 centaur zombies
  A quasit (D:9)
  7 hounds
  2 bullfrog skeletons
  Crazy Yiuf (D:3)
  23 orc priests
  6 jellies
  33 orc wizards
  4 centaur skeletons
  Jessica (D:2)
  An iguana (D:9)
  4 polar bear simulacra (Lair:5)
  2 yak simulacra (Lair:5)
  17 worker ants
  2 wolf simulacra (Lair:5)
  2 hound zombies
  2 hound skeletons
  7 gnolls
  6 river rats (D:9)
  29 adders
  3 shadow imps
  7 oozes
  An adder skeleton (D:4)
  A worm (D:3)
  4 dart slugs
  7 leopard geckos
  89 orcs
  5 ball pythons
  15 bats
  10 giant cockroaches
  3 hobgoblins (D:3)
  13 jackals
  23 kobolds
  4 quokkas
  4 frilled lizards
  5 goblins
  A leopard gecko skeleton (D:5)
  A quokka skeleton (D:6)
  A quokka zombie (D:7)
  13 rats
  3 river rat simulacra (Lair:5)
  A plant (Lair:6)
884 creatures vanquished.

Vanquished Creatures (others)
  A slave (D:7)
  A shadow imp (D:8)
  2 orcs (Orc:1)
  A quokka (D:8)
  5 fungi
  14 plants
24 creatures vanquished.

Grand Total: 908 creatures vanquished

Notes
Turn   | Place    | Note
-------+----------+-------------------------------------------
     0 | D:1      | theElss the Deep Elf Conjurer began the quest for the Orb.
     0 | D:1      | Reached XP level 1. HP: 10/10 MP: 6/6
   192 | D:1      | Reached XP level 2. HP: 14/15 MP: 4/8
   227 | D:1      | Learned a level 2 spell: Searing Ray
   365 | D:1      | Reached skill level 5 in Conjurations
   680 | D:2      | Reached XP level 3. HP: 11/19 MP: 0/9
   818 | D:2      | Noticed Jessica
   820 | D:2      | Killed Jessica
  1085 | D:2      | Reached XP level 4. HP: 24/24 MP: 7/11
  1123 | D:2      | Learned a level 4 spell: Iskenderun's Mystic Blast
  1308 | D:2      | Reached skill level 6 in Conjurations
  1939 | D:3      | Reached XP level 5. HP: 28/28 MP: 9/12
  2270 | D:3      | Found a runed door.
  2709 | D:3      | Noticed Crazy Yiuf
  2713 | D:3      | Killed Crazy Yiuf
  2870 | D:4      | Reached XP level 6. HP: 32/32 MP: 10/15
  2896 | D:4      | Reached skill level 1 in Short Blades
  2948 | D:4      | Reached skill level 5 in Spellcasting
  2956 | D:4      | Found a staircase to the Ecumenical Temple.
  2987 | D:4      | Reached skill level 7 in Conjurations
  3815 | D:5      | Entered Level 5 of the Dungeon
  3815 | D:5      | Noticed a sky beast
  3844 | Temple   | Entered the Ecumenical Temple
  3851 | Temple   | Became a worshipper of Vehumet
  3893 | D:4      | Reached XP level 7. HP: 28/36 MP: 13/18
  4029 | D:5      | Found an ancient bone altar of Kikubaaqudgha.
  4270 | D:5      | Learned a level 5 spell: Iskenderun's Battlesphere
  4304 | D:5      | Noticed Sigmund
  4464 | D:5      | Reached skill level 8 in Conjurations
  4855 | D:6      | Reached * piety under Vehumet
  4855 | D:6      | Offered knowledge of Shock by Vehumet.
  5446 | D:6      | Noticed PeterLawrence's ghost (novice MiFi)
  6087 | D:5      | Killed Sigmund
  6087 | D:5      | Reached XP level 8. HP: 42/42 MP: 12/22
  6144 | D:5      | Reached skill level 1 in Charms
  6228 | D:5      | Reached skill level 1 in Fighting
  7036 | D:7      | Reached skill level 9 in Conjurations
  7040 | D:7      | Noticed Pikel
  7062 | D:7      | Killed Pikel
  7062 | D:7      | Reached skill level 5 in Dodging
  7062 | D:7      | Reached skill level 10 in Spellcasting
  7062 | D:7      | Reached XP level 9. HP: 25/47 MP: 11/25
  7247 | D:7      | Offered knowledge of Flame Tongue by Vehumet.
  7251 | D:7      | Learned a level 1 spell: Flame Tongue
  7266 | D:7      | Reached ** piety under Vehumet
  7514 | D:7      | Reached skill level 1 in Fire Magic
  7746 | D:7      | Found Roetzug's Distillery.
  7749 | D:7      | Bought a potion of heal wounds for 60 gold pieces
  7749 | D:7      | Bought a potion of agility for 48 gold pieces
  7749 | D:7      | Bought a potion of lignification for 36 gold pieces
  7749 | D:7      | Bought a potion of haste for 120 gold pieces
  7778 | D:7      | Learned a level 3 spell: Mephitic Cloud
  7965 | D:8      | Offered knowledge of Static Discharge by Vehumet.
  8134 | D:8      | Found a white marble altar of Elyvilon.
  8158 | D:8      | Reached skill level 10 in Conjurations
  8161 | D:8      | Paralysed by a hornet for 2 turns
  8513 | D:8      | Reached *** piety under Vehumet
  8735 | D:8      | Offered knowledge of Airstrike by Vehumet.
  9162 | D:8      | Found a burning altar of Makhleb.
  9195 | D:8      | Reached XP level 10. HP: 52/52 MP: 28/28
  9401 | D:6      | Killed PeterLawrence's ghost
  9713 | D:9      | Reached skill level 11 in Conjurations
  9810 | D:9      | Got a ruby-encrusted leather armour
 10122 | D:9      | Reached **** piety under Vehumet
 10352 | D:9      | Offered knowledge of Force Lance by Vehumet.
 10583 | D:9      | Reached skill level 5 in Fire Magic
 10730 | D:9      | Found a staircase to the Lair.
 10967 | D:9      | Learned a level 2 spell: Repel Missiles
 10978 | D:9      | Found a staircase to the Orcish Mines.
 11184 | D:10     | Entered Level 10 of the Dungeon
 11255 | D:10     | Reached skill level 12 in Conjurations
 11325 | D:10     | Got an encrusted leather armour
 11405 | D:10     | Reached ***** piety under Vehumet
 11416 | D:10     | Found a blossoming altar of Fedhas.
 11604 | D:10     | Identified the cursed +0 leather armour of Salvation {rF++ MP+9 Str-3 Stlth+} (You found it on level 9 of the Dungeon)
 11732 | D:11     | Offered knowledge of Bolt of Cold by Vehumet.
 11732 | D:11     | Reached XP level 11. HP: 56/56 MP: 31/31
 11840 | D:11     | Noticed a hill giant
 11849 | D:11     | Killed a hill giant
 12212 | D:11     | Noticed Maurice
 12212 | D:11     | Noticed Psyche
 12217 | D:11     | Killed Psyche
 12300 | D:11     | Killed Maurice
 12411 | D:11     | Noticed a red ugly thing
 12419 | D:11     | Killed a red ugly thing
 12729 | D:11     | Reached skill level 15 in Spellcasting
 12735 | D:11     | Reached skill level 13 in Conjurations
 13143 | D:12     | Noticed a hill giant
 13146 | D:12     | Killed a hill giant
 13518 | D:11     | Identified the +3 leather armour "Hero's Friend" {MR- Dex+2 Slay+3} (You found it on level 10 of the Dungeon)
 13689 | D:12     | Noticed a green ugly thing
 13694 | D:12     | Killed a green ugly thing
 14360 | Lair:1   | Entered Level 1 of the Lair of Beasts
 14515 | Lair:1   | Reached XP level 12. HP: 12/61 MP: 29/33
 15570 | Lair:2   | Reached skill level 14 in Conjurations
 15594 | Lair:2   | Noticed Gastronok
 15604 | Lair:2   | Killed Gastronok
 15790 | Lair:2   | Found a staircase to the Swamp.
 15952 | Lair:2   | Noticed a four-headed hydra
 15956 | Lair:2   | Killed a four-headed hydra
 15956 | Lair:2   | Offered knowledge of Lee's Rapid Deconstruction by Vehumet.
 16889 | Lair:3   | Reached skill level 15 in Conjurations
 17530 | Lair:4   | Reached XP level 13. HP: 65/65 MP: 36/36
 18061 | Lair:4   | Found a staircase to the Snake Pit.
 18734 | Lair:4   | Reached skill level 16 in Conjurations
 19089 | Lair:5   | Offered knowledge of Bolt of Fire by Vehumet.
 19097 | Lair:5   | Learned a level 6 spell: Bolt of Fire
 19288 | Lair:5   | Reached skill level 10 in Fire Magic
 19833 | Lair:5   | Reached skill level 17 in Conjurations
 20556 | Lair:5   | Found a viscous altar of Jiyva.
 20557 | Lair:5   | Found a staircase to the Slime Pits.
 20852 | Lair:6   | Entered Level 6 of the Lair of Beasts
 21388 | Lair:6   | Reached XP level 14. HP: 70/70 MP: 18/37
 21645 | Lair:6   | Reached skill level 18 in Conjurations
 22141 | Lair:6   | Offered knowledge of Iron Shot by Vehumet.
 23138 | D:13     | Found a gate to the Vaults.
 23138 | D:13     | Noticed Rupert
 23138 | D:13     | Noticed Urug
 23138 | D:13     | Noticed Nessos
 23288 | D:13     | Noticed Fingolfin's ghost (journeyman NaWz)
 23293 | D:13     | Killed Fingolfin's ghost
 23420 | D:13     | Paralysed by Rupert for 5 turns
 23437 | D:13     | Reached skill level 19 in Conjurations
 24919 | D:13     | Killed Rupert
 25036 | D:13     | Learned a level 6 spell: Iron Shot
 25039 | D:13     | Learned a level 2 spell: Blink
 25046 | D:13     | Killed Nessos
 25165 | D:13     | Killed Urug
 25815 | D:14     | Found an opulent altar of Gozag.
 26146 | D:14     | Reached skill level 20 in Conjurations
 26146 | D:14     | Reached XP level 15. HP: 74/74 MP: 35/38
 26158 | D:14     | Offered knowledge of Poison Arrow by Vehumet.
 26998 | D:15     | Entered Level 15 of the Dungeon
 27321 | D:15     | Identified a scroll of acquirement
 27748 | D:15     | Reached skill level 1 in Shields
 27995 | D:15     | Found a staircase to the Depths.
 28521 | Orc:1    | Entered Level 1 of the Orcish Mines
 28883 | Orc:1    | Found Henac's General Store.
 29419 | Orc:2    | Entered Level 2 of the Orcish Mines
 29428 | Orc:2    | Reached ****** piety under Vehumet
 29587 | Orc:1    | Reached skill level 5 in Shields
 29788 | Orc:2    | Found a frozen archway.
 29813 | IceCv    | Entered an ice cave
 29927 | Orc:2    | Found a labyrinth entrance.
 29933 | Lab      | Entered a labyrinth
 30510 | Lab      | Got a polished scale mail
 30804 | Orc:2    | Offered knowledge of Ozocubu's Refrigeration by Vehumet.
 31181 | Orc:2    | Noticed an orc warlord
 31190 | Orc:2    | Killed an orc warlord
 31190 | Orc:2    | Reached skill level 1 in Evocations
 31344 | Orc:2    | Found a staircase to the Elven Halls.
 31632 | Orc:2    | Found a roughly hewn altar of Beogh.
 31710 | Orc:2    | Found Maseajaet's Book Emporium.
 31724 | Orc:2    | Found Sun Avesh's Antique Weapon Emporium.
 31728 | Orc:2    | Found Jeuskon's General Store.
 31788 | Orc:2    | Found Nichikaff's Jewellery Emporium.
 31917 | Orc:2    | Found Qelor's Antique Armour Emporium.
 31923 | Orc:2    | Bought a pair of gloves for 117 gold pieces
 31923 | Orc:2    | Bought a pair of boots for 117 gold pieces
 31960 | Orc:2    | Bought the amulet of Jir Kudi {Gourm rElec rN+ Stlth+} for 714 gold pieces
 31972 | Orc:2    | Identified the +0 scale mail of Viaciw {Int+7} (You found it in a labyrinth)
 32607 | Depths:1 | Entered Level 1 of the Depths
 33226 | Depths:1 | Slain by a white ugly thing

Skill      XL: |  1  2  3  4  5  6  7  8  9 10 11 12 13 14 15 |
---------------+----------------------------------------------+-----
Conjurations   | 5 6 7 8 9 10 12 13 15 17 20 | 20.8
Dodging        | 3 4 5 |  5.2
Spellcasting   | 4 6 8 10 12 14 15 17 | 17.4
Short Blades   | 1 |  1.0
Charms         | 3 |  3.2
Fighting       | 1 |  1.3
Fire Magic     | 3 5 7 9 10 12 | 12.6
Shields        | 6 |  6.2
Evocations     | 2 |  2.0
Stealth        | |  2.4

Action                   |  1- 3 |  4- 6 |  7- 9 | 10-12 | 13-15 || total
-------------------------+-------+-------+-------+-------+-------++-------
Melee: Dagger            |    10 |     7 |     3 |       |    18 ||    38
 Cast: Magic Dart        |    44 |    97 |   149 |   171 |   270 ||   731
       Searing Ray       |     3 |    21 |    24 |    12 |    10 ||    70
       Iskenderun's Myst |       |       |    61 |   224 |   494 ||   779
       Iskenderun's Batt |       |       |    16 |    77 |   153 ||   246
       Mephitic Cloud    |       |       |     2 |    19 |    34 ||    55
       Repel Missiles    |       |       |       |     1 |       ||     1
       Bolt of Fire      |       |       |       |       |    46 ||    46
       Blink             |       |       |       |       |     1 ||     1
  Use: Potion            |       |       |     1 |     1 |     1 ||     3
       Scroll            |       |       |    13 |     5 |    16 ||    34
  Eat: Chunk             |       |     8 |    13 |    27 |    54 ||   102
       Fruit             |       |       |     3 |     1 |     3 ||     7
       Meat ration       |       |       |     1 |       |       ||     1
       Royal jelly       |       |       |       |     1 |       ||     1
       Beef jerky        |       |       |       |       |     1 ||     1
Armor: Robe              |     6 |     3 |    11 |     2 |       ||    22
       Leather armour    |       |       |       |       |    55 ||    55
Dodge: Dodged            |    17 |    31 |    52 |    21 |   136 ||   257
       Deflected         |       |       |       |       |    19 ||    19
Block: Buckler           |       |       |       |       |    33 ||    33
